 Dungeon Crawl Stone Soup version 0.14-a0-2124-ga163777 (webtiles) character file.

2084 Kae the Conjurer (level 9, -2/45 HPs)
             Began as a Tengu Fire Elementalist on Jan 27, 2014.
             Was an Initiate of Vehumet.
             Killed from afar by an electric eel (12 damage)
             ... with a bolt of electricity
             ... on Level 8 of the Dungeon.
             The game lasted 00:19:57 (8682 turns).

Kae the Conjurer (Tengu Fire Elementalist)          Turns: 8682, Time: 00:19:58

HP  -2/45        AC  6     Str  8      XL: 9   Next:  4%
MP  28/31        EV 12     Int 19      God: Vehumet [......]
Gold 372         SH  0     Dex 11      Spells:  4 memorised,  7 levels left

rFire  + + .     SeeInvis +     k - -2 spear of a ziggurat {drain, Contam rC+ rN+ SInv}
rCold  + . .     Clarity  .     L - +1 robe of Vehumet's Supremacy {rF++ Dex-4 Stlth--}
rNeg   + . .     Conserve .     (no shield)
rPois  +         rCorr    +     (helmet restricted)
rElec  .         rRot     .     J - +0 cloak
SustAb . .       Spirit   .     n - +1 pair of gloves
rMut   .         Warding  .     (boots unavailable)
Saprov . . .     Stasis   .     d - amulet of resist corrosion
MR     .....                    A - ring of magical power
                                x - ring of poison resistance

@: not resistant to hostile enchantments, extremely unstealthy
A: able to fly, beak, talons 3
a: Fly, Renounce Religion


You were on level 8 of the Dungeon.
You worshipped Vehumet.
Vehumet was noncommittal.
You were hungry.

You visited 2 branches of the dungeon, and saw 9 of its levels.

You collected 372 gold pieces.

Inventory:

Hand weapons
 h - a +1,+0 dwarven dagger
 k - the -2,-2 spear of a ziggurat (weapon) {drain, Contam rC+ rN+ SInv}
   (You found it on level 5 of the Dungeon)

   A truly terrible weapon, it drains the life of those it strikes.
   It protects you from cold.
   It protects you from negative energy.
   It enhances your eyesight.
   It causes magical contamination when unequipped.
Missiles
 y - 10 tomahawks (quivered)
Armour
 a - a +0 robe
 n - a +1 pair of gloves (worn)
 J - a +0 cloak (worn)
 L - the +1 robe of Vehumet's Supremacy (worn) {rF++ Dex-4 Stlth--}
   (You found it on level 7 of the Dungeon)

   It affects your dexterity (-4).
   It greatly protects you from fire.
   It makes you much less stealthy.
Magical devices
 l - a wand of lightning (0)
 v - a wand of teleportation (3)
 G - a wand of polymorph (4)
 K - a wand of disintegration (11) {unknown}
Comestibles
 c - 5 bread rations
 m - 4 meat rations
 z - a pear
 B - an apple
 C - a choko
 H - 2 rotting chunks of giant goldfish flesh
Scrolls
 e - 6 scrolls of identify
 f - 3 scrolls of remove curse
 g - a scroll of noise
 p - 4 scrolls of teleportation
 t - a scroll of blinking
 F - a scroll of enchant weapon I
Jewellery
 d - an amulet of resist corrosion (around neck)
 x - a ring of poison resistance (left hand)
 A - a ring of magical power (right hand)
Potions
 i - 3 potions of curing
 j - a potion of confusion {unknown}
 o - 5 potions of brilliance {unknown}
 q - 3 potions of degeneration {unknown}
 r - a potion of magic {unknown}
 s - a potion of agility {unknown}
 u - a potion of paralysis {unknown}
 w - 2 potions of heal wounds
 D - a potion of speed {unknown}
 E - 2 potions of lignification {unknown}
 I - a potion of beneficial mutation {unknown}
Books
 b - a book of Flames

   Spells                             Type                      Level
   *Flame Tongue                      Conjuration/Fire             1
   *Throw Flame                       Conjuration/Fire             2
   *Conjure Flame                     Conjuration/Fire             3
   Inner Flame                        Hexes/Fire                   3
   *Sticky Flame                      Conjuration/Fire             4
   Fireball                           Conjuration/Fire             5


   Skills:
 - Level 2.1 Dodging
 - Level 2.0 Stealth
 + Level 4.9 Spellcasting
 * Level 9.1 Conjurations
 * Level 8.6 Fire Magic


You had 7 spell levels left.
You knew the following spells:

 Your Spells              Type           Power        Failure   Level  Hunger
a - Flame Tongue          Conj/Fire      #####        1%          1    None
b - Throw Flame           Conj/Fire      #####.       1%          2    #......
c - Conjure Flame         Conj/Fire      #####...     1%          3    ###....
d - Sticky Flame          Conj/Fire      #####...     3%          4    ####...


Dungeon Overview and Level Annotations

Branches:
Dungeon (8/16)             Temple (1/1) D:7
   Lair: D:8-11

Altars:
Ashenzari
Cheibriados
Dithmengos
Elyvilon
Fedhas
Kikubaaqudgha
Makhleb
Nemelex Xobeh
Okawaru
Sif Muna
Vehumet
Xom
Yredelemnul
Zin
The Shining One

Shops:
D:8 [


Innate Abilities, Weirdness & Mutations

You can fly.
You have a beak for a mouth.
You have claws for feet.


Message History

You hear a splash.
You start resting.
An electric eel comes into view.
Casting: Throw Flame
Confirm with . or Enter, or press ? or * to list all spells.
You can't see any susceptible monsters within range! (Use Z to cast anyway.)
Casting: Throw Flame
Confirm with . or Enter, or press ? or * to list all spells.
You can't see any susceptible monsters within range! (Use Z to cast anyway.)
The electric eel shoots out a bolt of electricity!
The bolt of electricity hits the plant.
The bolt of electricity hits you!
Casting: Throw Flame
Confirm with . or Enter, or press ? or * to list all spells.
You can't see any susceptible monsters within range! (Use Z to cast anyway.)
The electric eel shoots out a bolt of electricity!
The bolt of electricity hits you!
* * * LOW HITPOINT WARNING * * *
The electric eel shoots out a bolt of electricity!
The bolt of electricity hits you!
You die...

##+##..≈≈≈
#.....P≈≈≈≈
#<.....P;≈≈≈
#.......PP≈≈
#...$......≈
+.>.....#
#.......#
#.......#
#....@..# .
###'##### ###.
#..# #... ##.#
...# #.# .%.#
#######'###
...#
#.........#
...#
####.........#
...#
#..'.........+


You could see an electric eel.

Vanquished Creatures
  An ice beast (D:6)
  2 giant goldfish (D:8)
  The ghost of lorenz the Stinger, an average DgVM (D:3)
  3 centaurs
  An ogre (D:7)
  A water moccasin (D:8)
  A jellyfish (D:8)
  An electric eel (D:8)
  5 hounds
  A centaur zombie (D:7)
  Crazy Yiuf (D:6)
  A jelly (D:8)
  An orc priest (D:4)
  A scorpion (D:7)
  An iguana (D:4)
  3 orc wizards
  9 worker ants
  Ijyb (D:2)
  3 ogre skeletons
  A hound zombie (D:7)
  A hound skeleton (D:7)
  A giant mite (D:7)
  7 adders
  A giant eyeball (D:8)
  5 giant geckos
  An ooze (D:4)
  18 orcs
  8 bats
  7 giant cockroaches
  10 hobgoblins
  16 jackals
  3 quokkas (D:4)
  3 giant newts
  17 goblins
  A hobgoblin skeleton (D:4)
  7 kobolds
  A kobold skeleton (D:4)
  9 rats
155 creatures vanquished.

Notes
Turn   | Place    | Note
--------------------------------------------------------------
     0 | D:1      | Kae, the Tengu Fire Elementalist, began the quest for the Orb.
     0 | D:1      | Reached XP level 1. HP: 10/10 MP: 3/3
   529 | D:1      | Reached XP level 2. HP: 15/15 MP: 5/5
   846 | D:2      | Noticed Ijyb
   854 | D:2      | Reached XP level 3. HP: 6/19 MP: 2/7
   885 | D:2      | Killed Ijyb
   885 | D:2      | Reached skill level 4 in Fire Magic
  1107 | D:2      | Reached XP level 4. HP: 8/24 MP: 0/9
  1571 | D:3      | Learned a level 2 spell: Throw Flame
  1575 | D:3      | Learned a level 3 spell: Conjure Flame
  1601 | D:3      | Noticed lorenz's ghost (average DgVM)
  1660 | D:2      | HP: 1/24 [poisoned by lorenz's ghost (sting)]
  2290 | D:3      | Reached XP level 5. HP: 15/28 MP: 12/12
  2611 | D:3      | Killed lorenz's ghost
  2611 | D:3      | Reached skill level 5 in Fire Magic
  3186 | D:4      | Noticed a centaur
  3193 | D:4      | Killed a centaur
  3193 | D:4      | Reached skill level 5 in Conjurations
  3193 | D:4      | Reached XP level 6. HP: 11/32 MP: 9/15
  3470 | D:4      | Found a white marble altar of Elyvilon.
  4121 | D:4      | Found a blossoming altar of Fedhas.
  4180 | D:4      | Reached skill level 6 in Fire Magic
  4180 | D:4      | Reached XP level 7. HP: 21/36 MP: 13/17
  4341 | D:5      | Entered Level 5 of the Dungeon
  4424 | D:5      | Found a deep blue altar of Sif Muna.
  4948 | D:5      | Learned a level 4 spell: Sticky Flame
  4963 | D:5      | Found an iron altar of Okawaru.
  5051 | D:5      | Got a dazzling spear
  5052 | D:5      | Identified the cursed -2,-2 spear of a ziggurat {drain, Contam rC+ rN+ SInv} (You found it on level 5 of the Dungeon)
  5680 | D:6      | Found a sparkling altar of Nemelex Xobeh.
  6358 | D:6      | Noticed Crazy Yiuf
  6451 | D:6      | Reached skill level 7 in Conjurations
  6451 | D:6      | Reached XP level 8. HP: 41/41 MP: 12/20
  6960 | D:6      | Killed Crazy Yiuf
  7296 | D:7      | Found a glowing golden altar of the Shining One.
  7485 | D:7      | Found a staircase to the Ecumenical Temple.
  7492 | Temple   | Entered the Ecumenical Temple
  7662 | Temple   | Became a worshipper of Vehumet
  7693 | D:7      | Got a tattered robe
  7705 | D:7      | Identified the +1 robe of Vehumet's Supremacy {rF++ Dex-4 Stlth--} (You found it on level 7 of the Dungeon)
  8059 | D:7      | Reached skill level 8 in Conjurations
  8241 | D:8      | Found Saerph's Antique Armour Emporium.
  8377 | D:8      | Paralysed by a giant eyeball for 3 turns
  8383 | D:8      | Paralysed by a giant eyeball for 4 turns
  8639 | D:8      | Reached skill level 9 in Conjurations
  8639 | D:8      | Reached XP level 9. HP: 45/45 MP: 22/22
  8682 | D:8      | Killed from afar by an electric eel

Action                   |  1- 3 |  4- 6 |  7- 9 || total
-------------------------+-------+-------+-------++-------
Melee: Dagger            |    73 |   163 |    75 ||   311
       Unarmed           |     2 |       |       ||     2
       Spear             |       |       |   103 ||   103
 Cast: Flame Tongue      |    15 |    56 |   118 ||   189
       Throw Flame       |       |     7 |    45 ||    52
       Conjure Flame     |       |     4 |     4 ||     8
       Sticky Flame      |       |       |     4 ||     4
Evoke: Wand              |       |     1 |     2 ||     3
  Use: Potion            |     3 |     3 |       ||     6
       Scroll            |       |       |    12 ||    12
 Stab: Sleeping          |     2 |     4 |     4 ||    10
       Distracted        |       |       |     1 ||     1
